AoeStats
← Keywar

Arabia

509894148Analyzed
1v1 RM · 2d ago on Sep 28, 2026· 42m 50s· 2 players
Game mode
Random Map
Map size
Tiny (2 player)
Population
200
Speed
Normal
Resources
Standard
Victory
Conquest
Starting age
Dark Age
Ending age
Imperial Age
RankedLock teamsTeams togetherTeam positionsShared explorationLock speedFull tech treeHidden civsTurbo modeCheats
Victory
Defeat
🇪🇸 Franks · Spain
709
+26
🇳🇱 Varangians · Netherlands
692
-15
El Sullan
10:36 Feudal Age
8:51 Loom
11:24 Double-Bit Axe
19:36 Castle Age
19:26 Wheelbarrow
18:44 Horse Collar
20:40 Husbandry
20:56 Bow Saw
22:14 Fletching
22:36 Forging
23:57 Scale Mail Armor
25:31 Hand Cart
26:11 Squires
26:13 Gold Mining
28:27 Bloodlines
30:26 Arson
34:09 Iron Casting
39:26 Imperial Age
42:01 Conscription
Keywar
6:41 Loom
9:04 Feudal Age
10:56 Double-Bit Axe
20:41 Castle Age
21:25 Scale Barding Armor
21:31 Forging
22:07 Husbandry
24:48 Bow Saw
25:23 Chain Barding Armor
26:19 Wheelbarrow
27:48 Gold Mining
30:35 Hand Cart
30:57 Gold Shaft Mining
30:13 Stone Mining
31:05 Iron Casting
39:15 Imperial Age
39:19 Scale Mail Armor
40:09 Chivalry
41:57 Cavalier
Connection lost

Rejoining the realm…

Still unreachable

The connection could not be restored.

Session expired

The server has moved on; the page needs a fresh start.